 Dungeon Crawl Stone Soup version 0.29-a0-356-g7bc237e783 (webtiles) character file.

Game seed: 4793467539160521758

30 domi the Magician (level 3, -16/24 HPs)
             Began as a Demonspawn Hedge Wizard on Apr 26, 2022.
             Demolished by Menkaure (22 damage)
             ... on level 4 of the Dungeon.
             The game lasted 00:02:04 (1492 turns).

domi the Magician (Demonspawn Hedge Wizard)         Turns: 1492, Time: 00:02:05

Health: -16/24     AC:  3    Str: 10    XL:     3   Next: 5%
Magic:  7/7        EV: 12    Int: 17    God:
Gold:   46         SH:  0    Dex: 14    Spells: 0/8 levels left

rFire   . . .      SeeInvis .   a - +0 dagger
rCold   . . .      Faith    .   (no shield)
rNeg    . . .      Spirit   .   b - +0 robe
rPois   .          Reflect  .   c - +0 hat
rElec   .          Harm     .   (no cloak)
rCorr   .          Rampage  .   (no gloves)
Will    .....                   n - +0 pair of boots
Stlth   +++.......              (no amulet)
HPRegen 0.08/turn               (no ring)
MPRegen 0.10/turn               (no ring)

@: no status effects
A: thin skeletal structure 1, powered by pain 1
a: no special abilities


You were on level 4 of the Dungeon.
You visited 1 branch of the dungeon, and saw 3 of its levels.

You collected 46 gold pieces.

Inventory:

Hand Weapons
 a - a +0 dagger (weapon)
 f - a +2 dagger of venom
   (You took it off a kobold on level 1 of the Dungeon)
Armour
 b - a +0 robe (worn)
 c - a +0 hat (worn)
 n - a +0 pair of boots (worn)
   (You found it on level 2 of the Dungeon)
Scrolls
 h - a scroll of identify {unknown}
 i - a scroll of summoning {unknown}
 k - a scroll of noise {unknown}
 m - a scroll of magic mapping {unknown}
Potions
 d - a potion of magic
 e - a potion of ambrosia {unknown}
 g - 2 potions of resistance {unknown}
 j - 2 potions of cancellation {unknown}
 l - a potion of invisibility {unknown}


   Skills:
 - Level 1.7 Dodging
 - Level 1.7 Stealth
 - Level 3.0 Spellcasting
 + Level 3.0 Conjurations
 - Level 1.0 Summonings
 - Level 0.8 Translocations


You couldn't memorise any spells.
You knew the following spells:

 Your Spells              Type           Power      Damage    Failure   Level
b - Blink                 Tloc           10%        N/A       19%         2
c - Mephitic Cloud        Conj/Pois/Air  6%         N/A       34%         3
x - Call Imp              Summ           5%         N/A       17%         2
z - Magic Dart            Conj           52%        1d5       4%          1

Your spell library contained the following spells:

 Spells                   Type           Power      Damage    Failure   Level
 Slow                     Hex            8%         N/A       17%         1
 Conjure Flame            Conj/Fire      7%         6-21      28%         3


Dungeon Overview and Level Annotations

Branches:
Dungeon (2/15)

Altars:

Annotations:
D:4 Menkaure


Innate Abilities, Weirdness & Mutations

You have a somewhat thin skeletal structure. (Dex +2, Stealth+)
You sometimes gain a little power by taking damage.


Message History

Memorise Mephitic Cloud, consuming 3 spell levels and leaving 0?
You start memorising the spell.
You continue memorising. x3
You finish memorising.
Spell assigned to 'c'.
Found a stone staircase leading down.
You now have 29 gold pieces (gained 13).
Things that are here:
a +0 club; a kobold corpse MP restored: 7
g - a bubbling sapphire potion
Found a stone staircase leading down.
g - 2 bubbling sapphire potions (gained 1)
Found an escape hatch in the floor.
There is an escape hatch in the floor here.
There is an escape hatch in the floor here.
h - a scroll labelled LIYDDYKKOP A kobold comes into view.
It is wielding a +0 dagger.
A kobold is nearby!
A kobold is nearby!
A kobold is nearby!
Aim: a kobold, wielding a +0 dagger and quivering stones (asleep, 100% to hit)
The magic dart hits the kobold but does no damage.
The kobold throws a stone.
The stone hits you but does no damage.
You now have 6/7 mp.
Aim: a kobold, wielding a +0 dagger and quivering stones (100% to hit)
The magic dart hits the kobold.
The kobold throws a stone.
The stone barely misses you.
You now have 5/7 mp.
Aim: a kobold, wielding a +0 dagger and quivering stones (moderately wounded, 100% to hit)
The magic dart hits the kobold.
You kill the kobold!
You now have 4/7 mp.
You can't see any susceptible monsters within range! (Use Z to cast anyway.)
You can't see any susceptible monsters within range! (Use Z to cast anyway.)
i - a scroll labelled UWINUE HUOS XOQ MP restored: 7
Found a stone staircase leading down.
A giant cockroach comes into view.
Things that are here:
a +0 dagger; 4 stones; a kobold corpse A giant cockroach is nearby!
A giant cockroach is nearby!
Aim: a giant cockroach (asleep, 100% to hit)
The magic dart hits the giant cockroach.
You kill the giant cockroach!
You now have 6/7 mp.
You can't see any susceptible monsters within range! (Use Z to cast anyway.)
You can't see any susceptible monsters within range! (Use Z to cast anyway.)
You can't see any susceptible monsters within range! (Use Z to cast anyway.)
j - 2 green potions MP restored: 7
k - a scroll labelled WAKIMI ZUQAL You now have 46 gold pieces (gained 17).
l - a clear potion
m - a scroll labelled LUKIUGRIT OSE
There is an escape hatch in the floor here.
There is a stone staircase leading down here.
You enter the shallow water.
Moving in this stuff is going to be slow.
Done exploring.
Done exploring.
(D) Dungeon
Where to? (? - help)
You enter the shallow water.
Moving in this stuff is going to be slow.
There is a stone staircase leading down here.
You climb downwards.
There is a stone staircase leading up here.
n - a +0 pair of boots You aren't carrying any pieces of jewellery.
Unknown command.
You start putting on your armour.
You continue putting on your +0 pair of boots. x4
You finish putting on your +0 pair of boots.
A sourceless malevolence fills the Dungeon...
You fall into a shaft and drop 2 floors!
The shaft crumbles and collapses.
You hear the sound of rushing water.
There is an entrance to a sewer on this level.
Hurry and find it before the portal rusts away!
Menkaure and a kobold come into view.
Found a club and a scroll labelled UWINUE HUOS XOQ.
Found a stone staircase leading up.
The helpless Menkaure fails to defend himself.
You hit Menkaure.
The kobold shouts!
You barely miss Menkaure. Menkaure barely misses you.
You barely miss Menkaure.
Menkaure calls on the powers of darkness!
Your body is wracked with pain!
You take 11 damage, and have 13/24 hp.
MASSIVE DAMAGE!!
You hit Menkaure. You punch Menkaure, but do no damage.
Menkaure casts a spell at you. Pain shoots through your body!
* * * LOW HITPOINT WARNING * * *
The kobold barely misses you.
You take 8 damage, and have 5/24 hp.
MASSIVE DAMAGE!!
You barely miss Menkaure. The kobold closely misses you. Menkaure hits you!!
Ouch! That really hurt!
You die...

######
#..?.#
#....#
#....#
#....#####
#.K..<....
#M@..#
#....#
#)...#
######


You could see Menkaure and a kobold.

Vanquished Creatures
  A gnoll (D:1)
  2 bats (D:1)
  2 endoplasms (D:1)
  2 giant cockroaches (D:1)
  2 goblins (D:1)
  2 hobgoblins (D:1)
  A quokka (D:1)
  2 ball pythons (D:1)
  A frilled lizard (D:1)
  3 kobolds (D:1)
  A rat (D:1)
19 creatures vanquished.

Notes
Turn   | Place    | Note
-------+----------+-------------------------------------------
     0 | D:1      | domi the Demonspawn Hedge Wizard began the quest for the
                  | Orb.
     0 | D:1      | Reached XP level 1. HP: 13/13 MP: 4/4
     1 | D:1      | Noticed an electric eel
   256 | D:1      | Reached skill level 2 in Conjurations
   386 | D:1      | Gained mutation: You have a somewhat thin skeletal
                  | structure. (Dex +2, Stealth+) [demonic ancestry]
   386 | D:1      | Reached XP level 2. HP: 19/19 MP: 0/6
   475 | D:1      | HP: 1/19 [gnoll/+0 club (5)]
   791 | D:1      | Found a faded altar of an unknown god.
  1005 | D:1      | Reached skill level 3 in Conjurations
  1060 | D:1      | Gained mutation: You sometimes gain a little power by
                  | taking damage. [demonic ancestry]
  1060 | D:1      | Reached XP level 3. HP: 24/24 MP: 3/7
  1063 | D:1      | Learned a level 2 spell: Call Imp
  1066 | D:1      | Learned a level 2 spell: Blink
  1070 | D:1      | Learned a level 3 spell: Mephitic Cloud
  1487 | D:2      | You fall into a shaft and drop 2 floors!
  1487 | D:4      | Noticed Menkaure
  1491 | D:4      | HP: 5/24 [Menkaure/nerve-wracking pain (8)]
  1492 | D:4      | Demolished by Menkaure

Illustrated notes

Levels and vault maps discovered:
D:1:      arrival_aquarium_a, layout_loops_ring,
          chequers_ecumenical_altar_island, st_stairs_13, nicolae_grassy_gnolls
D:2:      layout_loops_ring
D:4:      gammafunk_wand_slinger, layout_rooms, gammafunk_ghost_abyssal_escape,
          gup_sewer_entry_pipe, uniq_menkaure

Skill      XL: |  1  2 |
---------------+-------+-----
Conjurations   | 2 3 |  3.0
Dodging        | |  1.7
Stealth        | |  1.7
Spellcasting   | |  3.0
Summonings     | |  1.0
Translocations | |  0.8

Action                   || total
-------------------------++-------
Melee: Dagger            ||    20
       Punch             ||     1
 Cast: Magic Dart        ||    44
 Stab: Sleeping          ||     1
Armor: Robe              ||     5
Dodge: Dodged            ||    13

Table legend: (Time is in decaauts)
 A = Elapsed time spent in this place.
 B = Non-inter-level travel time spent in this place.
 C = Inter-level travel time spent in this place.
 D = Time resting spent in this place.
 E = Time spent auto-exploring this place.
 F = Levels seen in this place.
 G = Mean time per level.
                   A        B        C        D        E       F      G
               +--------+--------+--------+--------+--------+-----+--------+
         Total |   1495 |   1438 |     57 |    533 |    759 |   3 |  498.3 |
       Dungeon |   1495 |   1438 |     57 |    533 |    759 |   3 |  498.3 |
               +--------+--------+--------+--------+--------+-----+--------+

Top non-repeatable levels by time:
     D:1: 1474 daAuts
     D:2: 15 daAuts
     D:4: 4 daAuts

Table legend:
 A = Kills in this place as a percentage of kills in entire the game.
 B = Kills by you in this place as a percentage of kills by you in the entire game.
 C = Kills by friends in this place as a percentage of kills by friends in the entire game.
 D = Other kills in this place as a percentage of other kills in the entire game.
 E = Experience gained in this place as a percentage of experience gained in the entire game.
 F = Experience gained in this place divided by the number of levels of this place that you have seen.
                   A       B       C       D       E      F
               +-------+-------+-------+-------+-------+----------------------
         Total | 100.0 | 100.0 |   N/A |   N/A | 100.0 |  14.7
       Dungeon | 100.0 | 100.0 |   N/A |   N/A | 100.0 |  14.7
               +-------+-------+-------+-------+-------+----------------------
